 Dungeon Crawl Stone Soup version 0.28-a0-845-gfc338a8e3c (webtiles) character file.

Game seed: 6491455789908482594

1434 flotson the Skirmisher (level 8, -5/63 HPs)
             Began as a Demonspawn Delver on Nov 12, 2021.
             Slain by a wyvern zombie (11 damage)
             ... on level 6 of the Dungeon.
             The game lasted 00:13:40 (8191 turns).

flotson the Skirmisher (Demonspawn Delver)          Turns: 8191, Time: 00:13:40

Health: -5/63      AC:  9    Str: 14    XL:     8   Next: 45%
Magic:  8/8        EV: 13    Int: 12    God:
Gold:   148        SH:  4    Dex: 15    Spells: 7/7 levels left

rFire   + . .      SeeInvis .   a - +1 hand axe (freeze)
rCold   . . .      Faith    .   m - +0 buckler
rNeg    . . .      Spirit   .   n - +0 ring mail
rPois   .          Reflect  .   A - +1 helmet
rElec   .          Harm     .   (no cloak)
rCorr   .          Rampage  .   (no gloves)
Will    .....                   i - +0 pair of boots
Stlth   +++.......              (no amulet)
HPRegen 0.20/turn               d - ring of protection from fire
MPRegen 0.22/turn               (no ring)

@: no status effects
A: magic regeneration, sturdy frame 2, demonic magic 1, demonic touch 1
a: no special abilities


You were on level 6 of the Dungeon.
You visited 1 branch of the dungeon, and saw 6 of its levels.

You collected 148 gold pieces.

Inventory:

Hand Weapons
 a - a +1 hand axe of freezing (weapon)
 b - the +6 dagger of Spring {elec, rElec Stlth+}
   (You found it on level 5 of the Dungeon)

   It occasionally discharges a powerful burst of electricity upon striking a
   foe.
   rElec:     It insulates you from electricity.
   Stlth:     It makes you more stealthy.
Missiles
 l - 5 boomerangs
 w - 2 throwing nets
 x - 15 poisoned darts (quivered)
Armour
 i - a +0 pair of boots (worn)
 m - a +0 buckler (worn)
 n - a +0 ring mail (worn)
 A - a +1 helmet (worn)
Jewellery
 d - a ring of protection from fire (left hand)
 j - an amulet of guardian spirit
Wands
 g - a wand of digging (3)
 k - a wand of flame (1)
Scrolls
 c - a scroll of fog
 e - 3 scrolls of fear
 h - 2 scrolls of enchant armour
 o - 5 scrolls of teleportation
 u - a scroll of magic mapping
 v - a scroll of immolation
 y - a scroll of summoning {unknown}
 z - a scroll of enchant weapon {unknown}
Potions
 f - a potion of ambrosia {unknown}
 p - 2 potions of attraction
 r - a potion of lignification
 s - a potion of haste
 t - a potion of cancellation


   Skills:
 + Level 5.5 Fighting
 + Level 3.3 Axes
 + Level 2.5 Throwing
 + Level 4.1 Armour
 + Level 4.6 Dodging
 - Level 4.5 Stealth
 + Level 2.3 Shields
 + Level 3.5 Evocations


You had 7 spell levels left.
You didn't know any spells.
Your spell library contained the following spells:

 Spells                   Type           Power      Damage    Failure   Level
 Apportation              Tloc           0%         N/A       43%         1
 Gell's Gravitas          Tloc           0%         N/A       80%         3
 Lesser Beckoning         Tloc           0%         N/A       80%         3
 Teleport Other           Tloc           0%         N/A       80%         3
 Tukima's Dance           Hex            0%         N/A       80%         3
 Passage of Golubria      Tloc           0%         N/A       99%         4
 Alistair's Intoxication  Tmut/Pois      0%         N/A       100%        5
 Fireball                 Conj/Fire      0%         3d3       100%        5
 Yara's Violent Unravell  Hex/Tmut       0%         3d3       100%        5
 Starburst                Conj/Fire      0%         6d3       100%        6
 Ignition                 Fire           0%         3d3       100%        8


Dungeon Overview and Level Annotations

Branches:
Dungeon (6/15)             Temple (0/1) D:6

Altars:
Nemelex Xobeh
Wu Jian
Lugonu

Portals:
Abyss: D:4

Annotations:
D:4 2 runed translucent doors
D:6 exclusion: oklob sapling


Innate Abilities, Weirdness & Mutations

You regenerate magic rapidly.
Your movements are less encumbered by armour. (ER -4)
Spells you cast may paralyse adjacent enemies.
Your touch may inflict minor irresistible damage on your foes.


Message History

The wyvern zombie completely misses you.
You hit the wyvern zombie.
The wyvern zombie is heavily damaged.
The wyvern zombie bites you.
You barely miss the wyvern zombie.
The wyvern zombie is heavily damaged.
The wyvern zombie closely misses you. The wyvern zombie barely misses you.
You hit the wyvern zombie but do no damage.
The wyvern zombie is heavily damaged.
The wyvern zombie bites you!
You are too injured to fight recklessly!
You are too injured to fight recklessly!
You are too injured to fight recklessly!
You are too injured to fight recklessly!
You hit the wyvern zombie.
The wyvern zombie is heavily damaged.
The wyvern zombie bites you. The wyvern zombie bites you!
* * * LOW HITPOINT WARNING * * *
You hit the wyvern zombie but do no damage.
The wyvern zombie is heavily damaged.
You block the wyvern zombie's attack.
You hit the wyvern zombie.
The wyvern zombie is severely damaged.
The wyvern zombie bites you.
* * * LOW HITPOINT WARNING * * *
The wyvern zombie closely misses you.
You hit the wyvern zombie.
The wyvern zombie is severely damaged.
The wyvern zombie closely misses you.
You hit the wyvern zombie.
The wyvern zombie is severely damaged.
The wyvern zombie closely misses you.
The wyvern zombie bites you but does no damage.
You slash the wyvern zombie!
The wyvern zombie is almost destroyed.
The wyvern zombie closely misses you.
You hit the wyvern zombie.
The wyvern zombie is almost destroyed.
The wyvern zombie barely misses you. The wyvern zombie bites you!
You die... .
PP PP. #.> PP>. #.# .PP$P

#.#
#########.P.PPP
#.#
#...........P..
#.#
#.#############
##.#
#.##...@Z..#
##.#
#####.##.#####.#
##.###....(...#
....<......####
##.###.#####
##.# #.# ##.#
#.# ##.# #.#
.#.# #.#


You could see a wyvern zombie.

Vanquished Creatures
  Sigmund (D:2)
  4 vampire mosquitoes (D:5)
  An orc warrior (D:3)
  An ogre (D:5)
  A phantom (D:5)
  A scorpion (D:5)
  2 hounds (D:5)
  A centaur skeleton (D:5)
  Jessica (D:2)
  An iguana (D:4)
  Natasha (thrice) (D:2)
  6 gnolls
  6 adders
  A worm (D:2)
  3 dart slugs
  8 orcs
  9 ball pythons
  4 endoplasms (D:2)
  A giant cockroach (D:1)
  22 goblins
  20 hobgoblins
  3 jackals (D:4)
  8 quokkas
  8 bats
  3 frilled lizards
  14 kobolds
  4 rats
137 creatures vanquished.

Vanquished Creatures (others)
  14 plants
14 creatures vanquished.

Grand Total: 151 creatures vanquished

Notes
Turn   | Place    | Note
-------+----------+-------------------------------------------
     0 | D:5      | flotson the Demonspawn Delver began the quest for the Orb.
     0 | D:5      | Reached XP level 1. HP: 18/18 MP: 1/1
    40 | D:5      | Noticed a phantom
   221 | D:4      | Gained mutation: Spells you cast may paralyse adjacent
                  | enemies. [demonic ancestry]
   221 | D:4      | Reached XP level 2. HP: 23/24 MP: 2/2
   259 | D:3      | Found a faded altar of an unknown god.
   446 | D:2      | Reached skill level 1 in Armour
   592 | D:2      | Gained mutation: Your movements are slightly less
                  | encumbered by armour. (ER -2) [demonic ancestry]
   592 | D:2      | Reached XP level 3. HP: 29/29 MP: 3/3
   593 | D:2      | Noticed Natasha
   609 | D:2      | HP: 1/29 [Natasha/magic dart (8)]
   610 | D:2      | Killed Natasha
   619 | D:2      | Noticed Sigmund
   973 | D:2      | Reached XP level 4. HP: 37/37 MP: 4/4
  2166 | D:2      | Noticed Natasha
  2178 | D:2      | Killed Natasha
  2179 | D:2      | Reached skill level 4 in Fighting
  2381 | D:2      | Noticed Natasha
  2391 | D:2      | Killed Natasha
  2392 | D:2      | Reached XP level 5. HP: 19/42 MP: 5/5
  2769 | D:2      | Killed Sigmund
  2770 | D:2      | Reached skill level 1 in Evocations
  2770 | D:2      | Gained mutation: You regenerate magic rapidly. [demonic
                  | ancestry]
  2770 | D:2      | Reached XP level 6. HP: 17/49 MP: 6/6
  3015 | D:2      | Noticed Jessica
  3022 | D:2      | Killed Jessica
  3456 | D:3      | Found a sparkling altar of Nemelex Xobeh.
  4708 | D:4      | Noticed an orc warrior
  4761 | D:3      | HP: 1/49 [orc warrior (14)]
  4791 | D:3      | Killed an orc warrior
  5375 | D:3      | Found a sparkling altar of Nemelex Xobeh.
  5740 | D:3      | Found a faded altar of an unknown god.
  5942 | D:4      | Gained mutation: Your touch may inflict minor irresistible
                  | damage on your foes. [demonic ancestry]
  5942 | D:4      | Reached XP level 7. HP: 55/55 MP: 7/7
  5944 | D:4      | Found a one-way gate to the infinite horrors of the Abyss.
  6000 | D:4      | Reached skill level 1 in Throwing
  6237 | D:4      | Found a large runed translucent door.
  6237 | D:4      | Found a large runed translucent door.
  6241 | D:4      | Found a corrupted altar of Lugonu.
  6459 | D:5      | Found an ornate altar of the Wu Jian Council.
  6510 | D:5      | Identified the +6 dagger of Spring {elec, rElec Stlth+}
  7237 | D:5      | Reached skill level 5 in Fighting
  7237 | D:5      | Reached skill level 1 in Shields
  7703 | D:5      | Noticed a vampire mosquito
  7703 | D:5      | Noticed a vampire mosquito
  7704 | D:5      | Noticed a vampire mosquito
  7704 | D:5      | Noticed a vampire mosquito
  7719 | D:5      | Killed a vampire mosquito
  7720 | D:5      | Gained mutation: Your movements are less encumbered by
                  | armour. (ER -4) [demonic ancestry]
  7720 | D:5      | Reached XP level 8. HP: 48/62 MP: 8/8
  8156 | D:6      | Found a staircase to the Ecumenical Temple.
  8191 | D:6      | Slain by a wyvern zombie

Illustrated notes

Levels and vault maps discovered:
D:1:      roderic_crop_circles_arrival_small, layout_basic
D:2:      layout_basic, uniq_sigmund, uniq_jessica, uniq_natasha
D:3:      layout_basic, mainiacjoe_overflow_alcove_4,
          shapermc_ecumenical_altar_flowoftime
D:4:      due_chaos_kobolds, layout_loops_corners, minivault_24,
          minmay_misc_feat_roman
D:5:      corexii_shantytown, layout_basic, kennysheep_mini_moat
D:6:      layout_loops_ring, kennysheep_little_box, minmay_temple_entry_oklob,
          kennysheep_small_spiral

Skill      XL: |  1  2  3  4  5  6  7  8 |
---------------+-------------------------+-----
Dodging        | 2 3 4 |  4.6
Armour         | 1 2 3 4 |  4.1
Fighting       | 4 5 |  5.5
Evocations     | 1 2 3 |  3.5
Axes           | 2 3 |  3.3
Throwing       | 2 |  2.5
Shields        | 1 2 |  2.3
Stealth        | |  4.5

Action                   |  1- 3 |  4- 6 |  7- 9 || total
-------------------------+-------+-------+-------++-------
Melee: Hand axe          |    56 |   201 |    76 ||   333
       Dagger            |       |       |    86 ||    86
       Touch             |       |       |     2 ||     2
Throw: Boomerang         |       |    26 |     5 ||    31
       Dart              |       |       |    12 ||    12
Evoke: Wand              |       |     6 |       ||     6
  Use: Scroll            |     1 |       |     5 ||     6
       Potion            |     1 |     1 |     5 ||     7
 Stab: Sleeping          |     7 |     9 |    15 ||    31
       Distracted        |       |     1 |       ||     1
Armor: Leather armour    |     3 |    36 |       ||    39
       Ring mail         |       |    29 |    39 ||    68
       Skin              |       |       |    26 ||    26
Dodge: Dodged            |    34 |   123 |   107 ||   264
Block: Buckler           |       |       |    37 ||    37

Table legend: (Time is in decaauts)
 A = Elapsed time spent in this place.
 B = Non-inter-level travel time spent in this place.
 C = Inter-level travel time spent in this place.
 D = Time resting spent in this place.
 E = Time spent auto-exploring this place.
 F = Levels seen in this place.
 G = Mean time per level.
                   A        B        C        D        E       F      G
               +--------+--------+--------+--------+--------+-----+--------+
         Total |   8236 |   7977 |    259 |    522 |   5979 |   6 | 1372.7 |
       Dungeon |   8236 |   7977 |    259 |    522 |   5979 |   6 | 1372.7 |
               +--------+--------+--------+--------+--------+-----+--------+

Top non-repeatable levels by time:
     D:3: 2461 daAuts
     D:2: 1980 daAuts
     D:5: 1869 daAuts
     D:4: 1015 daAuts
     D:1: 840 daAuts
     D:6: 68 daAuts
